Map: Year Zero LE

Players

Lambo

  • Race: Zerg Zerg
  • Spawn Location: 1:00

Probe - Winner!

  • Race: Protoss Protoss
  • Spawn Location: 11:00

Event: 2019 WCS Spring

VOD

Have the link to the VOD?

Description

Time

  • Played on: May 17, 2019, 2:47 p.m.
  • Length: 12:43

All games in this series

Show
View Real Time Build Order
Export as new Build Order

Lambo Zerg 

Build Orders: Hatch First, Muta Ling Bane 

Get SALT Encoding   

  12  0:00  Drone  
  13  0:13  Overlord  
  13  0:18  Drone  
  14  0:32  Drone x2  
  16  0:50  Hatchery  
  16  0:53  Drone  
  16  0:57  Drone  
  17  1:00  Drone  
  18  1:11  Extractor  
  17  1:16  Spawning Pool  
  16  1:19  Drone  
  16  1:22  Drone  
  18  1:29  Drone  
  19  1:39  Drone  
  20  1:51  Overlord  
  20  2:03  Queen x2  
  20  2:04  Zergling x4  
  26  2:11  Drone  
  26  2:12  Drone  
  28  2:26  Drone x2  
  30  2:34  Hatchery  
  30  2:36  Drone  
  30  2:39  Pneumatized Carapace  
  30  2:43  Drone  
  31  2:46  Drone  
  31  2:49  Overlord  
  32  2:57  Queen  
  34  2:59  Drone  
  34  3:03  Drone  
  36  3:09  Drone  
  36  3:10  Drone  
  36  3:12  Drone x2  
  40  3:15  Metabolic Boost  
  40  3:20  Overlord  
  40  3:24  Drone x2  
  42  3:28  Drone  
  42  3:31  Spore Crawler  
  42  3:33  Drone  
  43  3:37  Spore Crawler  
  43  3:40  Drone  
  43  3:41  Drone  
  43  3:42  Drone x2  
  43  3:47  Queen  
  48  3:53  Drone  
  49  3:58  Overlord  
  49  3:59  Drone x2  
  51  4:04  Queen  
  51  4:06  Drone x3  
  51  4:09  Drone  
  57  4:12  Overlord  
  57  4:14  Spore Crawler  
  56  4:18  Overlord  
  56  4:19  Drone  
  56  4:20  Drone  
  58  4:26  Roach Warren  
  58  4:29  Drone  
  58  4:31  Overlord  
  58  4:32  Drone x2  
  58  4:34  Drone x2  
  62  4:40  Lair  
  62  4:41  Drone x2  
  62  4:43  Drone  
  62  4:45  Drone x2  
  67  4:46  Drone  
  67  4:49  Extractor  
  67  4:50  Extractor  
  67  4:51  Drone x2  
  68  4:54  Drone x3  
  68  4:57  Overlord  
  68  4:58  Drone  
  72  5:00  Drone  
  72  5:03  Overlord, Drone x2  
  72  5:06  Drone  
  76  5:08  Extractor  
  76  5:09  Extractor  
  76  5:13  Zergling x2  
  75  5:20  Overlord  
  87  5:21  Roach x6  
  87  5:24  Overlord  
  87  5:26  Evolution Chamber, Roach  
  88  5:30  Overlord  
  88  5:31  Extractor  
  88  5:35  Roach x2  
  91  5:37  Overlord  
  91  5:39  Glial Reconstitution  
  91  5:40  Overseer  
  91  5:43  Roach x2  
  91  5:45  Drone x2  
  97  5:52  Spore Crawler x2  
  97  5:54  Spore Crawler, Drone x4  
  98  6:01  Spire  
  97  6:05  Drone  
  97  6:08  Drone x3  
  101  6:11  Drone  
  101  6:12  Drone x2  
  101  6:15  Drone x4  
  104  6:22  Overlord  
  104  6:36  Baneling Nest  
  104  6:37  Zerg Missile Weapons Level 1  
  104  6:38  Roach x3  
  104  6:39  Hatchery  
  108  6:44  Overlord  
  108  6:46  Overlord  
  108  6:55  Overlord  
  108  7:05  Drone x3  
  107  7:12  Drone  
  107  7:15  Mutalisk x9  
  126  7:23  Centrifical Hooks  
  126  7:25  Roach x3, Zergling x10  
  137  7:37  Roach x3  
  137  7:41  Overlord  
  137  7:43  Overlord  
  141  7:48  Zergling x14  
  148  7:57  Zergling x2  
  148  7:58  Zergling x4  
  150  7:59  Ravager x3  
  153  8:07  Zergling x14  
  153  8:10  Zergling x6  
  153  8:12  Ravager  
  164  8:14  Zergling x6  
  164  8:19  Zergling x6  
  170  8:22  Ravager  
  170  8:23  Overlord  
  170  8:25  Overlord  
  170  8:26  Zergling x4  
  173  8:28  Ravager, Baneling  
  173  8:29  Overlord, Baneling x10  
  173  8:31  Zerg Melee Weapons Level 1  
  174  8:35  Zergling x2  
  174  8:36  Overlord  
  174  8:40  Overlord  
  173  8:42  Baneling x8  
  173  8:43  Zergling x12  
  173  8:47  Zergling x6  
  182  8:50  Zergling x6  
  182  8:52  Ravager x2  
  182  8:53  Zergling x2  
  182  8:54  Zergling x2  
  189  8:57  Zergling x4  
  189  8:59  Baneling x4  
  191  9:07  Zergling x4  
  191  9:15  Zergling x6  
  168  9:17  Zergling x8  
  168  9:19  Zergling x12  
  168  9:22  Roach  
  159  9:27  Roach x4  
  161  9:32  Roach x2  
  161  9:35  Roach  
  161  9:36  Roach  
  161  9:38  Roach x2  
  158  9:40  Roach  
  158  9:42  Zergling x2  
  158  9:44  Zergling x4  
  152  9:46  Overseer  
  152  9:49  Zergling x8  
  152  9:51  Drone  
  132  9:54  Drone  
  132  9:57  Zergling x2  
  132  9:58  Zergling x8  
  138  10:02  Drone x2  
  138  10:04  Infestation Pit  
  136  10:11  Drone x2  
  138  10:15  Ravager x5  
  138  10:17  Hydralisk Den, Drone x3  
  138  10:19  Zergling x6  
  148  10:21  Zergling x6  
  148  10:23  Drone  
  151  10:30  Zergling x12  
  151  10:34  Extractor  
  156  10:38  Drone x3  
  156  10:39  Queen  
  158  10:51  Muscular Augments  
  158  10:56  Hydralisk x2, Hive  
  158  10:58  Baneling  
  158  10:59  Baneling  
  158  11:01  Hydralisk  
  163  11:04  Hydralisk x2  
  163  11:05  Hatchery  
  163  11:07  Drone x2  
  163  11:08  Drone  
  163  11:09  Drone  
  169  11:12  Hydralisk x2  
  172  11:19  Hydralisk x2  
  172  11:20  Hydralisk  
  173  11:25  Baneling  
  173  11:26  Baneling x10  
  173  11:28  Ravager x2  
  173  11:29  Baneling x6  
  173  11:32  Hydralisk  
  176  11:38  Zergling x8  
  177  11:41  Baneling x4  
  177  11:42  Zergling x4  
  179  11:48  Zergling x10  
  179  11:53  Zergling x12  
  189  11:57  Zergling x4  
  189  11:58  Zergling x4  
  193  12:04  Overlord  
  183  12:08  Zergling x16  
  183  12:11  Zergling x4  
  183  12:12  Zergling x2  
  183  12:13  Zergling x2  
  157  12:16  Zergling x6  
  157  12:18  Hydralisk  
  157  12:19  Zergling x2  
  157  12:20  Ravager x2  
  157  12:22  Baneling  
  154  12:23  Baneling x2  
  154  12:26  Zergling x4  
Show
View Real Time Build Order
Export as new Build Order

Probe Protoss - Winner!

Build Orders: 1 Gate Expand, Oracle Opening, Chargelot Immortal 

Get SALT Encoding   

  12  0:00  Probe  
  13  0:13  Probe  
  14  0:20  Pylon  
  14  0:25  Probe  
  15  0:29  Assimilator  
  15  0:34  Probe  
  15  0:42  Probe  
  16  0:49  Gateway  
  17  0:52  Probe  
  18  1:05  Probe  
  19  1:17  Probe  
  20  1:25  Nexus  
  20  1:37  Cybernetics Core  
  20  1:39  Probe  
  21  1:45  Assimilator  
  21  1:51  Probe  
  22  1:54  Pylon  
  22  2:03  Probe, Adept  
  23  2:11  Probe  
  23  2:13  Warp Gate  
  26  2:21  Stargate  
  26  2:24  Stalker  
  26  2:25  Probe  
  29  2:37  Probe  
  29  2:38  Probe  
  31  2:49  Probe  
  31  2:50  Probe  
  33  3:01  Probe  
  33  3:02  Probe  
  33  3:05  Oracle  
  38  3:10  Probe  
  38  3:13  Probe  
  38  3:18  Probe  
  40  3:25  Probe, Pylon  
  42  3:29  Assimilator x2, Probe  
  43  3:36  Oracle  
  43  3:37  Probe  
  43  3:41  Probe, Gateway  
  45  3:47  Pylon  
  48  3:50  Probe  
  48  3:53  Probe  
  50  4:00  Pylon  
  50  4:02  Probe  
  51  4:05  Probe  
  51  4:06  Robotics Facility  
  52  4:10  Oracle  
  52  4:14  Probe  
  56  4:19  Probe  
  57  4:26  Probe  
  57  4:29  Pylon  
  57  4:31  Probe, Adept  
  61  4:37  Adept  
  63  4:41  Oracle  
  63  4:42  Probe  
  63  4:44  Nexus  
  67  4:57  Observer  
  67  4:58  Probe x2  
  70  5:01  Pylon  
  70  5:02  Pylon  
  70  5:11  Probe  
  70  5:12  Probe, Twilight Council  
  72  5:14  Sentry, Forge  
  72  5:15  Sentry  
  72  5:19  Immortal, Pylon  
  76  5:24  Probe x2  
  82  5:36  Probe x2  
  82  5:40  Pylon  
  84  5:44  Robotics Facility  
  84  5:47  Shield Battery  
  84  5:48  Probe  
  50  5:50  Charge  
  85  5:53  Probe  
  86  5:58  Probe  
  86  6:00  Probe  
  86  6:03  Immortal  
  88  6:05  Protoss Ground Weapons Level 1, Probe  
  88  6:10  Probe  
  90  6:12  Probe  
  90  6:17  Probe  
  93  6:20  Pylon  
  93  6:22  Probe  
  93  6:23  Adept  
  93  6:24  Sentry, Probe  
  99  6:30  Probe  
  99  6:32  Assimilator  
  100  6:34  Immortal, Probe, Assimilator  
  105  6:44  Gateway  
  105  6:47  Gateway  
  105  6:48  Gateway  
  105  6:52  Gateway x2  
  105  6:58  Gateway  
  105  6:59  Immortal  
  109  7:09  Photon Cannon  
  109  7:10  Zealot x2  
  109  7:13  Observer  
  109  7:14  Pylon  
  114  7:19  Photon Cannon  
  114  7:23  Photon Cannon  
  114  7:36  Phoenix  
  111  7:38  Templar Archives  
  111  7:40  Immortal x2  
  119  7:46  Shield Battery  
  119  7:48  Stalker x2  
  119  7:49  Stalker  
  127  7:53  Stargate  
  127  8:00  Shield Battery  
  127  8:01  Phoenix  
  129  8:14  Stalker  
  129  8:15  Stalker x4  
  139  8:26  Phoenix, Psionic Storm  
  141  8:31  Photon Cannon  
  141  8:32  Pylon  
  141  8:33  Photon Cannon  
  141  8:47  Pylon  
  141  8:48  Pylon x2  
  141  8:50  Phoenix  
  141  8:54  High Templar x3  
  149  9:00  Pylon x2  
  149  9:01  Archon  
  149  9:06  Phoenix  
  151  9:10  Zealot x4  
  151  9:11  Zealot  
  135  9:28  Zealot x2  
  135  9:29  Zealot  
  137  9:31  Immortal  
  137  9:32  Immortal  
  137  9:34  Zealot x2  
  131  9:43  Zealot x3  
  120  9:57  High Templar  
  120  9:58  High Templar x4  
  130  10:03  Protoss Ground Weapons Level 2  
  130  10:04  Nexus  
  130  10:06  Warp Prism  
  130  10:08  Pylon  
  130  10:10  High Templar  
  130  10:11  High Templar  
  136  10:15  Archon  
  136  10:19  Zealot  
  136  10:20  Immortal  
  138  10:33  Zealot  
  138  10:34  Zealot x3  
  150  10:43  High Templar x2  
  150  10:44  Zealot x2  
  158  10:52  Archon  
  158  10:57  Zealot x4  
  164  11:15  Zealot x2  
  164  11:16  Photon Cannon  
  164  11:17  Zealot x2, Photon Cannon  
  170  11:21  Shield Battery  
  170  11:23  Zealot  
  170  11:24  Zealot, Shield Battery  
  174  11:40  High Templar x4  
  174  11:41  High Templar x2  
  174  11:44  Archon x2  
  174  11:45  Archon  
  178  12:11  Zealot  
  178  12:12  Zealot  
  148  12:19  Zealot  
  148  12:20  Zealot x5  
  144  12:38  Zealot x2  
  144  12:42  Zealot x3  
  144  12:43  Zealot x3  
Tags
 
Add a new tag
Caveats
  • Supply blocks, unpowered buildings, or Contaminate may cause inaccurate times.
  • Supply counts are checked every 10 seconds.